cohdb
Replays
Latest Replays
All Replays
Popular Replays
Top Player Replays
Match Explorer
How It Works
Community
CoH3 Stats
Reddit
Sign in to upload your games and track your stats! →
Sign in with Steam
Match 39793404
Unlisted
Match 39793404
Overview
Messages
Build Orders
End
Construct Infanterie Kompanie
MG 42 Machine Gun Team
Grenadier Squad
GrW 34 Mortar Team
Grenadier Squad
Construct Panzergrenadier Kompanie
Selects Luftwaffe Battlegroup
Selects Stuka Strafing Run
251 Medium Carrier
Selects Luftwaffe Pioneer Support
Stuka Strafing Run
Selects Fallschirmjäger Squad Paradrop
Pak 40 Anti-tank Gun Team
Grenadier Squad
Selects LG40 Recoilless Gun Paradrop
Stuka Strafing Run
Support Elements
Stuka Strafing Run
Fallschirmjäger Squad Paradrop
Stuka Strafing Run
Construct Panzer Kompanie
Selects Fragmentation Bombs
Selects Flak 36 Anti-tank Gun Emplacement
Panzer IV Medium Tank
Grenadier Squad
Fragmentation Bombs
Stuka Strafing Run
Stoßtruppen Squad
Stuka Strafing Run
Panzer IV Medium Tank
MG 42 Machine Gun Team
Fragmentation Bombs
Staff
Autumn_Cloud_Sensei
꾸삭
aSIINiedi
ElZocko
Cr6como-
0
0
Comments
sign in to comment!
No comments posted yet!